 Dungeon Crawl Stone Soup version 0.23.2-40-g277498a001 (webtiles) character file.

Game seed: 9100621719515242825

10229 Descartes the Blocker (level 11, -44/87 HPs)
             Began as a Formicid Fighter on Aug 22, 2019.
             Was a High Priest of Qazlal.
             Killed from afar by an ogre mage (59 damage)
             ... with a crystal spear
             ... on level 10 of the Dungeon.
             The game lasted 00:24:20 (8231 turns).

Descartes the Blocker (Formicid Fighter)            Turns: 8231, Time: 00:24:21

Health: -44/87     AC: 19    Str: 21    XL:     11   Next: 89%
Magic:  17/17      EV: 15    Int:  8    God:    Qazlal [*****.]
Gold:   339        SH: 17    Dex: 13    Spells: 10/10 levels left

rFire    . . .     SeeInvis +   a - +0 war axe
rCold    + . .     Gourm    .   c - +0 shield
rNeg     . . .     Faith    .   n - +0 plate armour
rPois    .         Spirit   .   (helmet unavailable)
rElec    .         Reflect  .   R - +0 cloak
rCorr    .         Harm     .   (no gloves)
MR       +....                  b - +0 pair of boots
Stlth    ..........             (no amulet)
HPRegen  0.24/turn              I - ring of protection from cold
MPRegen  0.15/turn              M - +6 ring of evasion

@: protected from physical damage, repel missiles
A: permanent stasis, dig shafts and tunnels, four strong arms, antennae 3
a: Dig, Shaft Self, Upheaval, Elemental Force, Disaster Area, Renounce Religion


You were on level 10 of the Dungeon.
You worshipped Qazlal.
Qazlal was extremely pleased with you.
You were not hungry.

You visited 2 branches of the dungeon, and saw 11 of its levels.

You collected 514 gold pieces.
You spent 175 gold pieces at shops.

Inventory:

Hand Weapons
 a - a +0 war axe (weapon)
 C - a +0 dire flail of protection
 J - a +3 hand axe
Missiles
 h - 327 stones (quivered)
 p - 46 poisoned needles
 r - 9 tomahawks
 w - 101 arrows
 O - 6 throwing nets
Armour
 b - a +0 pair of boots (worn)
 c - a +0 shield (worn)
 n - a +0 plate armour (worn)
 R - a +0 cloak (worn)
Jewellery
 D - an uncursed ring of resist corrosion
 I - a ring of protection from cold (left hand)
 M - a +6 ring of evasion (right hand)
 P - an uncursed ring of protection from cold
 Q - a +3 amulet of reflection {unknown}
Wands
 B - a wand of flame (9)
 H - a wand of polymorph (20)
 K - a wand of random effects (16)
Scrolls
 d - 2 scrolls of silence
 e - a scroll of identify
 g - 2 scrolls of blinking {unknown}
 j - 3 scrolls of enchant armour {unknown}
 k - 4 scrolls of immolation {unknown}
 m - 5 scrolls of teleportation {unknown}
 q - 5 scrolls of fog
 s - 3 scrolls of enchant weapon {unknown}
 v - 5 scrolls of remove curse
 y - a scroll of fear {unknown}
 z - a scroll of random uselessness {unknown}
 A - 2 scrolls of noise {unknown}
 F - a scroll of vulnerability {unknown}
 L - a scroll of summoning {unknown}
 N - 2 scrolls of brand weapon {unknown}
Potions
 i - 2 potions of magic
 o - a potion of resistance
 t - 2 potions of cancellation
 u - 5 potions of brilliance
 x - 2 potions of heal wounds
 G - 2 potions of curing
Miscellaneous
 l - a phial of floods
 E - a phantom mirror
Comestibles
 f - 23 rations


   Skills:
 + Level 8.6 Fighting
 + Level 7.6 Axes
 + Level 8.6 Armour
 + Level 6.5 Dodging
 - Level 9.0 Shields
 + Level 8.0 Invocations
 + Level 4.6 Evocations


You had 10 spell levels left.
You didn't know any spells.
Your spell library was empty.

Dungeon Overview and Level Annotations

Branches:
Dungeon (10/15)            Temple (1/1) D:6
   Lair: D:8-11         Orc: D:9-12

Altars:
Ashenzari
Cheibriados
Dithmenos
Elyvilon
Fedhas
Gozag
Hepliaklqana
Kikubaaqudgha
Makhleb
Nemelex Xobeh
Okawaru
Qazlal
Ru
Sif Muna
Trog
Uskayaw
Vehumet
Wu Jian
Xom
Yredelemnul
Zin
The Shining One

Shops:
D:6 ?


Innate Abilities, Weirdness & Mutations

You cannot be hasted, slowed, berserked, paralysed or teleported.
You can dig through walls and to a lower floor.
Your four strong arms can wield two-handed weapons with a shield.
You have a pair of large antennae on your head. (SInv)


Message History

The two-headed ogre hits you with a +0 dire flail!
* * * LOW HITPOINT WARNING * * *
You feel much better.
An ogre mage comes into view. It is wielding a +0 halberd.
You block the two-headed ogre's attack. x2
The ogre mage is engulfed in blazing flames.
The ogre mage hits you from afar with a +0 halberd!
* * * LOW HITPOINT WARNING * * *
The ogre mage is engulfed in blazing flames.
The ogre mage casts a spell at you. The bolt of fire hits you.
* * * LOW HITPOINT WARNING * * *
The ogre mage is engulfed in blazing flames.
The ogre mage casts a spell at the two-headed ogre.
The two-headed ogre seems to speed up.
The ogre mage is engulfed in blazing flames.
The ogre mage casts a spell at you. The crystal spear hits you!!!
Ouch! That really hurt!
You die...

#####..#...# ##.# #.#.#.##...#
#..### ## .#.#.#.#...# #..).
.. #.#.#.##...# #..# .####
.#.#.#.....######..##.#.#.#{
#.#.#.#...>..............#
.#.#.#.###########O####... #
#.#.#.#.............##.####..#
.#.#.#..........@O.........#
#.#.# #.........○.☼###'###.#
.#.# ..........○○#P..(P# .#
#.# ...........#.###.# ..
..........#.#.#(# ##
#########.#.#'#.# #.#P...P#
#.#######


You could see a two-headed ogre and an ogre mage.

Vanquished Creatures
  Erica (D:9)
  A two-headed ogre (D:10)
  2 unseen horrors
  Pikel (D:9)
  An ugly thing (D:9)
  A cyclops (D:10)
  A komodo dragon (D:10)
  Prince Ribbit (D:7)
  2 hippogriffs (D:9)
  Sigmund (D:2)
  4 hogs (D:7)
  A human (D:7)
  Menkaure (D:6)
  Edmund (D:4)
  A water moccasin (D:6)
  An orc warrior (D:7)
  4 sky beasts
  4 slaves (D:9)
  5 ogres
  A black bear (D:10)
  An ice beast (D:9)
  2 phantoms
  6 centaurs
  2 wolves (D:8)
  A crocodile (D:9)
  Blork the orc (D:6)
  A big kobold (D:7)
  6 bullfrogs
  2 gnoll sergeants (D:8)
  3 jellies
  7 wights
  3 killer bees (D:7)
  2 howler monkeys
  8 crimson imps
  A quasit (D:8)
  4 hounds
  4 orc priests
  4 gnoll shamans (D:8)
  2 orc wizards (D:9)
  2 iguanas
  10 worker ants
  A hound zombie (D:10)
  3 hound skeletons
  A howler monkey zombie (D:8)
  A worker ant zombie (D:8)
  16 gnolls
  8 adders
  4 shadow imps
  3 oozes
  An adder skeleton (D:7)
  A worm (D:2)
  4 dart slugs
  7 leopard geckos
  18 orcs
  7 giant cockroaches
  9 goblins
  12 hobgoblins
  17 jackals
  10 quokkas
  A ball python (D:4)
  8 bats
  4 frilled lizards
  8 kobolds
  A leopard gecko skeleton (D:5)
  A quokka zombie (D:3)
  7 rats
260 creatures vanquished.

Notes
Turn   | Place    | Note
-------+----------+-------------------------------------------
     0 | D:1      | Descartes the Formicid Fighter began the quest for the Orb.
     0 | D:1      | Reached XP level 1. HP: 18/18 MP: 1/1
    61 | D:1      | Reached XP level 2. HP: 18/24 MP: 2/2
    99 | D:1      | Reached skill level 4 in Shields
   167 | D:1      | Reached XP level 3. HP: 27/29 MP: 3/3
   566 | D:2      | Reached XP level 4. HP: 29/37 MP: 4/4
   843 | D:2      | Noticed Sigmund
   848 | D:2      | Killed Sigmund
   848 | D:2      | Reached skill level 1 in Dodging
   848 | D:2      | Reached skill level 5 in Shields
   848 | D:2      | Reached XP level 5. HP: 36/42 MP: 5/5
   848 | D:2      | Reached XP level 6. HP: 41/48 MP: 6/6
   869 | D:2      | Found a faded altar of an unknown god.
   897 | D:2      | Became a worshipper of Qazlal Stormbringer
   897 | D:2      | Reached * piety under Qazlal
  1884 | D:3      | Reached ** piety under Qazlal
  1982 | D:3      | Found a hide-covered altar of Uskayaw.
  1982 | D:3      | Found a radiant altar of Vehumet.
  2345 | D:4      | Reached XP level 7. HP: 55/55 MP: 7/7
  2352 | D:4      | Reached skill level 1 in Invocations
  2430 | D:4      | Noticed Edmund
  2443 | D:4      | Reached skill level 6 in Shields
  2452 | D:4      | Killed Edmund
  2822 | D:4      | Reached XP level 8. HP: 59/61 MP: 9/9
  2829 | D:4      | Reached skill level 5 in Fighting
  3151 | D:4      | Found an iron altar of Okawaru.
  3188 | D:5      | Entered Level 5 of the Dungeon
  3208 | D:5      | Reached skill level 5 in Armour
  3241 | D:5      | Reached skill level 7 in Shields
  3299 | D:5      | Reached XP level 9. HP: 11/68 MP: 11/11
  3575 | D:5      | Found a shattered altar of Ashenzari.
  3954 | D:6      | Reached skill level 8 in Shields
  4078 | D:6      | Noticed Menkaure
  4079 | D:6      | Found Kyiz's Magic Scroll Boutique.
  4084 | D:6      | Killed Menkaure
  4106 | D:6      | Bought a scroll of identify for 28 gold pieces
  4106 | D:6      | Bought a scroll of silence for 105 gold pieces
  4106 | D:6      | Bought a scroll of remove curse for 42 gold pieces
  4139 | D:6      | Found a basalt altar of Yredelemnul.
  4149 | D:6      | Reached *** piety under Qazlal
  4239 | D:6      | Found a staircase to the Ecumenical Temple.
  4252 | Temple   | Entered the Ecumenical Temple
  4452 | D:6      | Reached skill level 5 in Axes
  4686 | D:6      | Noticed Blork the orc
  4701 | D:6      | Killed Blork the orc
  4837 | D:7      | Reached skill level 9 in Shields
  4861 | D:7      | Reached skill level 5 in Invocations
  4861 | D:7      | Reached XP level 10. HP: 42/77 MP: 13/13
  5261 | D:7      | Found a sacrificial altar of Ru.
  5281 | D:7      | Found an opulent altar of Gozag.
  5336 | D:7      | Reached skill level 5 in Dodging
  5707 | D:7      | Noticed Prince Ribbit
  5717 | D:7      | Killed Prince Ribbit
  6175 | D:7      | Reached skill level 1 in Evocations
  6243 | D:8      | Reached **** piety under Qazlal
  6604 | D:8      | Found a deep blue altar of Sif Muna.
  7110 | D:8      | Found a burning altar of Makhleb.
  7166 | D:9      | Reached XP level 11. HP: 75/84 MP: 16/16
  7268 | D:9      | Found an ornate altar of the Wu Jian Council.
  7285 | D:9      | Noticed Erica
  7302 | D:9      | Killed Erica
  7348 | D:9      | Noticed Pikel
  7384 | D:9      | Killed Pikel
  7507 | D:9      | Found a shimmering altar of Xom.
  7508 | D:9      | Found a hazy altar of Hepliaklqana.
  7526 | D:9      | Noticed an unseen horror
  7544 | D:9      | Killed an unseen horror
  7553 | D:9      | Found a shimmering altar of Xom.
  7899 | D:10     | Entered Level 10 of the Dungeon
  7899 | D:10     | Noticed an unseen horror
  7916 | D:10     | Killed an unseen horror
  7948 | D:10     | Reached ***** piety under Qazlal
  7952 | D:10     | Noticed a two-headed ogre
  7969 | D:10     | Killed a two-headed ogre
  7971 | D:10     | Noticed a purple ugly thing
  7987 | D:9      | Killed a purple ugly thing
  8146 | D:10     | Noticed a cyclops
  8163 | D:10     | Killed a cyclops
  8210 | D:10     | Noticed a two-headed ogre
  8227 | D:10     | Noticed an ogre mage
  8231 | D:10     | Killed from afar by an ogre mage

Skill      XL: |  1  2  3  4  5  6  7  8  9 10 11 |
---------------+----------------------------------+-----
Shields        | 4 5 6 7 9 |  9.0
Fighting       | 4 5 6 7 8 |  8.6
Armour         | 4 5 6 7 8 |  8.6
Dodging        | 1 2 3 4 5 6 |  6.5
Axes           | 3 4 5 6 7 |  7.6
Invocations    | 2 3 5 6 8 |  8.0
Evocations     | 2 4 |  4.6

Action                   |  1- 3 |  4- 6 |  7- 9 | 10-12 || total
-------------------------+-------+-------+-------+-------++-------
Melee: War axe           |    93 |   212 |   257 |   444 ||  1006
 Abil: Dig               |       |       |       |     4 ||     4
  Use: Potion            |       |       |     1 |     3 ||     4
       Scroll            |       |       |     5 |     5 ||    10
  Eat: Chunk             |       |     4 |    10 |    12 ||    26
Armor: Scale mail        |    31 |       |       |       ||    31
       Plate armour      |    45 |    98 |   116 |   136 ||   395
Dodge: Dodged            |    29 |    36 |    70 |   192 ||   327
       Deflected         |       |       |       |     3 ||     3
Block: Shield            |    71 |   136 |   239 |   404 ||   850
